 Dungeon Crawl Stone Soup version 0.25-a0-294-gea9b1ad378 (webtiles) character file.

Game seed: 16944666690467023542, levelgen mode: deterministic

179 tilp the Skirmisher (level 5, -3/42 HPs)
             Began as a Human Artificer on Dec 19, 2019.
             Was a Follower of Okawaru.
             Killed from afar by Natasha (4 damage)
             ... with a magic dart
             ... on level 4 of the Dungeon.
             The game lasted 00:06:43 (2991 turns).

tilp the Skirmisher (Human Artificer)               Turns: 2991, Time: 00:06:44

Health: -3/42      AC:  7    Str: 14    XL:     5   Next: 90%
Magic:  7/7        EV:  9    Int: 11    God:    Okawaru [*.....]
Gold:   187        SH:  0    Dex: 13    Spells: 4/4 levels left

rFire    . . .     SeeInvis .   a - +1 short sword
rCold    . . .     Gourm    .   (no shield)
rNeg     . . .     Faith    .   i - +0 scale mail
rPois    .         Spirit   .   (no helmet)
rElec    .         Reflect  .   (no cloak)
rCorr    .         Harm     .   (no gloves)
MR       .....                  m - +0 pair of boots
Stlth    ..........             (no amulet)
HPRegen  0.14/turn              (no ring)
MPRegen  0.10/turn              (no ring)

@: no status effects
A: no striking features
a: Heroism, Renounce Religion


You were on level 4 of the Dungeon.
You worshipped Okawaru.
Okawaru was aware of your devotion.
You were not hungry.

You visited 1 branch of the dungeon, and saw 4 of its levels.

You collected 187 gold pieces.

Inventory:

Hand Weapons
 a - a +1 short sword (weapon)
 b - a +0 hunting sling
Missiles
 q - 100 stones (quivered)
 u - 2 boomerangs
Armour
 i - a +0 scale mail (worn)
 m - a +0 pair of boots (worn)
Jewellery
 n - an uncursed amulet of magic regeneration
Wands
 d - a wand of enslavement (13)
 e - a wand of random effects (15)
 f - a wand of flame (11)
Scrolls
 k - a scroll of teleportation {unknown}
 l - a scroll of remove curse {unknown}
 p - a scroll of amnesia {unknown}
 r - a scroll of enchant weapon
Potions
 g - 2 potions of curing
 h - 2 potions of might
 j - a potion of brilliance
 s - a potion of flight
 t - a potion of berserk rage
 v - a potion of invisibility {unknown}
 w - a potion of lignification
Comestibles
 c - 6 rations


   Skills:
 - Level 4.1 Fighting
 - Level 1.0 Short Blades
 - Level 2.0 Dodging
 - Level 1.0 Stealth
 + Level 3.3 Invocations
 - Level 3.0 Evocations


You had 4 spell levels left.
You didn't know any spells.
Your spell library was empty.

Dungeon Overview and Level Annotations

Branches:
Dungeon (4/15)
 Temple: D:4-7

Altars:
Gozag
Kikubaaqudgha
Okawaru

Annotations:
D:4 Natasha


Message History

Press: ? - help, Shift-Dir - straight line, f/p - Natasha
Aim: Natasha (almost dead, unusually strong)
You shoot a stone.
The stone hits Natasha but does no damage.
Natasha is almost dead.
The shadow imp shouts, "Slither home, thou impertinent boil-brained bounder!"
Natasha claws you!
* * * LOW HITPOINT WARNING * * *
The crimson imp barely misses you.
a - a +1 short sword (weapon)
The shadow imp shouts, "Give up, thou frothy nut-hook gnoll-tail!"
Natasha claws you!
* * * LOW HITPOINT WARNING * * *
The crimson imp barely misses you.
Unknown command.
You barely miss Natasha.
Natasha is almost dead.
Natasha stares at you and mumbles some strange words.
The magic dart hits you.
You die...

##########
#........# #
##+##.######.##.##
##...#.# #....5...#
##......# #.##@##.##
##...[...### #h# #
##.........## .5(
.'...รท..........(..
##...>.....####.5.##
##.......## #.(##
##.....## #(##
##...## #. ##+##


You could see Natasha, 2 crimson imps and a shadow imp.

Vanquished Creatures
  2 orc priests (D:3)
  Terence (D:3)
  2 adders
  An ooze (D:3)
  3 worms
  2 dart slugs (D:3)
  A leopard gecko (D:4)
  8 orcs (D:3)
  A giant cockroach (D:2)
  4 goblins
  6 hobgoblins
  6 kobolds
  A quokka (D:4)
  7 bats
  2 frilled lizards
  5 rats
52 creatures vanquished.

Vanquished Creatures (collateral kills)
  An adder (D:3)
  An orc (D:3)
2 creatures vanquished.

Grand Total: 54 creatures vanquished

Notes
Turn   | Place    | Note
-------+----------+-------------------------------------------
     0 | D:1      | tilp the Human Artificer began the quest for the Orb.
     0 | D:1      | Reached XP level 1. HP: 15/15 MP: 3/3
   233 | D:1      | Reached XP level 2. HP: 22/22 MP: 4/4
   251 | D:1      | Reached skill level 2 in Fighting
   764 | D:2      | Reached XP level 3. HP: 23/28 MP: 5/5
   798 | D:2      | You fall into a shaft and drop 1 floor!
   882 | D:2      | Found an ancient bone altar of Kikubaaqudgha.
   939 | D:2      | Found an iron altar of Okawaru.
   950 | D:2      | Reached skill level 3 in Fighting
   955 | D:2      | Became a worshipper of Warmaster Okawaru
  1517 | D:3      | Reached XP level 4. HP: 35/35 MP: 6/6
  1541 | D:3      | Reached skill level 4 in Fighting
  1917 | D:3      | Noticed Terence
  1991 | D:3      | Found an opulent altar of Gozag.
  2006 | D:3      | Reached skill level 1 in Invocations
  2006 | D:3      | Reached XP level 5. HP: 42/42 MP: 7/7
  2068 | D:3      | HP: 1/42 [dart slug/slug dart (4)]
  2369 | D:3      | Killed Terence
  2946 | D:4      | Reached * piety under Okawaru
  2975 | D:4      | Noticed Natasha
  2990 | D:4      | HP: 1/42 [Natasha (7)]
  2991 | D:4      | Killed from afar by Natasha

Levels and vault maps discovered:
D:1:      scummos_arrival_simple_fountains, layout_loops_ring
D:2:      layout_basic, overflow_temple_1_default, overflow_temple_1_default
D:3:      layout_loops_ring, old_standard_altar, first_ration,
          wad_floor_pattern_1, grunt_ministairs_7, uniq_terence
D:4:      layout_loops_corners, grunt_dithmenos_smoke_and_mirrors,
          kennysheep_boxes, uniq_natasha

Skill      XL: |  1  2  3  4  5 |
---------------+----------------+-----
Fighting       | 2 3 4 |  4.1
Invocations    | 1 3 |  3.3
Short Blades   | |  1.0
Dodging        | |  2.0
Stealth        | |  1.0
Evocations     | |  3.0

Action                   |  1- 3 |  4- 6 || total
-------------------------+-------+-------++-------
Melee: Short sword       |   122 |    41 ||   163
 Fire: Hunting sling     |    14 |    91 ||   105
Evoke: Wand              |       |     6 ||     6
  Use: Scroll            |     3 |     5 ||     8
       Potion            |       |     3 ||     3
  Eat: Chunk             |     1 |     6 ||     7
Armor: Leather armour    |     7 |       ||     7
       Scale mail        |    61 |    39 ||   100
       Skin              |       |    14 ||    14
Dodge: Dodged            |    80 |    47 ||   127

Table legend:
 A = Non-vault XP
 B = Vault XP
 C = Vault XP percentage of total XP
 D = Non-vault monster count
 E = Vault monster count
 F = Vault count percentage of total count
                 A         B        C        D         E       F
            +---------+---------+-------+---------+---------+-------
      Total |     170 |      86 |  33.6 |      47 |       7 |  13.0
            +---------+---------+-------+---------+---------+-------
        D:1 |      21 |       0 |   0.0 |      13 |       0 |   0.0
        D:2 |      38 |       0 |   0.0 |      13 |       0 |   0.0
        D:3 |     106 |      86 |  44.8 |      19 |       7 |  26.9
        D:4 |       5 |       0 |   0.0 |       2 |       0 |   0.0
            +---------+---------+-------+---------+---------+-------
